[Event "ICC tourney 1946 (30 5)"]
[Site "Internet Chess Club"]
[Date "2020.08.01"]
[Round "2"]
[White "BreatheChessAls"]
[Black "MARMAYOGI11"]
[Result "0-1"]
[ICCResult "White resigns"]
[WhiteElo "1437"]
[BlackElo "1658"]
[Opening "Queen's pawn, Mason variation"]
[ECO "D00"]
[NIC "QP.08"]
[Time "13:42:00"]
[TimeControl "1800+5"]

1. d4 d5 2. Bf4 e6 3. e3 Bd6 4. Bg3 f5 5. Nd2 Nd7 6. Ngf3 Bxg3 7. hxg3 Qf6
8. c3 Nh6 9. Bd3 c6 10. O-O Nf7 11. Be2 g5 12. c4 h5 13. cxd5 exd5 14. Ne5
Ndxe5 15. dxe5 Nxe5 16. Nf3 Nxf3+ 17. Bxf3 g4 18. Be2 h4 19. Qd4 Qxd4 20.
exd4 hxg3 21. fxg3 O-O 22. Bd3 Bd7 23. Rae1 Rf7 24. Re5 Raf8 25. Rf4 Kg7 26.
a3 a5 27. Kf2 Kh6 28. Be2 Re8 29. Bxg4 Rxe5 30. dxe5 Kg5 31. Bf3 Re7 32. Rh4
Be8 33. Rh1 Rxe5 34. Rh7 b5 35. Ra7 a4 36. Ra8 d4 37. Rd8 c5 38. Rd6 Bh5 39.
Rd8 Bxf3 40. gxf3 Kf6 41. f4 Re3 42. Rf8+ Kg6 43. Rb8 Rb3 44. Rb6+ Kf7 45.
Rb7+ Ke6 46. Rb6+ Kd5 47. Rf6 Rxb2+ 48. Kf3 Rb3+ 49. Kf2 Ke4 50. Re6+ Kd3
51. g4 fxg4 52. f5 Kc4 53. f6 Rxa3 54. Ke2 Rf3 {White resigns} 0-1

[Event "ICC tourney 1946 (30 5)"]
[Site "Internet Chess Club"]
[Date "2020.08.01"]
[Round "2"]
[White "Atharva10"]
[Black "Telos53"]
[Result "1-0"]
[ICCResult "Black resigns"]
[WhiteElo "1592"]
[BlackElo "1429"]
[Opening "Sicilian defense"]
[ECO "B40"]
[NIC "SI.43"]
[Time "13:42:05"]
[TimeControl "1800+5"]

1. e4 c5 2. Nf3 e6 3. Be2 d5 4. exd5 exd5 5. d4 Nf6 6. Bg5 Nc6 7. O-O Be6 8.
Nc3 Be7 9. Qd2 c4 10. Rad1 O-O 11. b3 Bb4 12. bxc4 Qa5 13. Bxf6 gxf6 14. Qh6
Bxc3 15. Bd3 f5 16. Ng5 Rfe8 17. Qxh7+ Kf8 18. Bxf5 Nd8 19. Bxe6 fxe6 20.
Rd3 dxc4 21. Rf3+ Qf5 22. Rxf5+ exf5 23. Qxf5+ {Black resigns} 1-0

[Event "ICC tourney 1946 (30 5)"]
[Site "Internet Chess Club"]
[Date "2020.08.01"]
[Round "2"]
[White "Ben2008"]
[Black "liguowh"]
[Result "0-1"]
[ICCResult "White resigns"]
[WhiteElo "1675"]
[BlackElo "1829"]
[Opening "Sicilian: Najdorf, Lipnitzky attack"]
[ECO "B86"]
[NIC "SI.13"]
[Time "13:42:17"]
[TimeControl "1800+5"]

1. e4 c5 2. Nf3 d6 3. d4 cxd4 4. Nxd4 Nf6 5. Nc3 a6 6. Bc4 e6 7. Bb3 Nbd7 8.
Be3 Nc5 9. f3 Be7 10. O-O O-O 11. Qd2 Bd7 12. Rad1 b5 13. a3 Rb8 14. Ba2 Qc7
15. Nce2 Na4 16. b3 Nb6 17. Ng3 Rfc8 18. Rc1 d5 19. b4 Bd6 20. exd5 Nfxd5
21. Nde2 Nxe3 22. Qxe3 a5 23. c3 Qa7 24. Kh1 axb4 25. cxb4 Ra8 26. Ne4 Be7
27. Ra1 Nc4 28. Qxa7 Rxa7 29. Bxc4 Rxc4 30. Rfd1 Kf8 31. Nd6 Bxd6 32. Rxd6
Ke7 33. Rd3 Rc2 34. Nd4 Rb2 35. Rb3 Rd2 {White resigns} 0-1

[Event "ICC tourney 1946 (30 5)"]
[Site "Internet Chess Club"]
[Date "2020.08.01"]
[Round "2"]
[White "VincentT2008"]
[Black "xx99754539"]
[Result "0-1"]
[ICCResult "White resigns"]
[WhiteElo "1362"]
[BlackElo "2082"]
[Opening "Grünfeld: exchange variation"]
[ECO "D85"]
[NIC "GI.04"]
[Time "13:42:51"]
[TimeControl "1800+5"]

1. d4 Nf6 2. c4 g6 3. Nc3 d5 4. cxd5 Nxd5 5. e4 Nxc3 6. bxc3 Bg7 7. Be3 c5
8. Nf3 O-O 9. Rc1 Nc6 10. Qd2 Qa5 11. Be2 cxd4 12. cxd4 Qxd2+ 13. Kxd2 Rd8
14. e5 Nxe5 15. Nxe5 Bxe5 16. Rhd1 Bxd4 17. Ke1 e5 18. Rc7 Be6 19. Rxb7 Bxa2
20. Bxd4 exd4 21. Ra1 Bd5 22. Rbxa7 Rxa7 23. Rxa7 Bxg2 24. Kd2 Be4 25. Re7
Bd5 26. Kd3 Kf8 27. Rc7 Be6 28. Rb7 Bf5+ 29. Kd2 Be4 30. Rc7 d3 31. Bd1 Rb8
32. f3 Bf5 33. Ba4 Kg7 {White resigns} 0-1

[Event "ICC tourney 1946 (30 5)"]
[Site "Internet Chess Club"]
[Date "2020.08.01"]
[Round "2"]
[White "KnightRyder3"]
[Black "whyyoutrysohard"]
[Result "1-0"]
[ICCResult "Black resigns"]
[WhiteElo "1392"]
[BlackElo "1318"]
[Opening "Sicilian: dragon, classical, 9.Nb3"]
[ECO "B74"]
[NIC "SI.15"]
[Time "13:42:07"]
[TimeControl "1800+5"]

1. e4 c5 2. Nf3 d6 3. d4 cxd4 4. Nxd4 Nf6 5. Nc3 g6 6. Be2 Bg7 7. Be3 O-O 8.
O-O Nc6 9. Nb3 a6 10. f4 b5 11. a3 Bb7 12. Bf3 Qd7 13. Qe1 Rac8 14. Rd1 Qc7
15. Qh4 e6 16. f5 Ne5 17. Nd4 Nxf3+ 18. Rxf3 e5 19. Nb3 Nxe4 20. Nxe4 Qxc2
21. Nf6+ Bxf6 22. Qxf6 Bxf3 23. Rd2 Qxb3 24. Bh6 Rc1+ 25. Kf2 Rf1+ 26. Kxf1
Qc4+ 27. Kf2 {Black resigns} 1-0

[Event "ICC tourney 1946 (30 5)"]
[Site "Internet Chess Club"]
[Date "2020.08.01"]
[Round "2"]
[White "karuto2006"]
[Black "goodcrowdchess"]
[Result "0-1"]
[ICCResult "White checkmated"]
[WhiteElo "1363"]
[BlackElo "1379"]
[Opening "Ruy Lopez: closed, Chigorin, 12...c5d4"]
[ECO "C99"]
[NIC "RL.24"]
[Time "13:43:11"]
[TimeControl "1800+5"]

1. e4 e5 2. Nf3 Nc6 3. Bb5 a6 4. Ba4 Nf6 5. O-O Be7 6. Re1 b5 7. Bb3 d6 8.
c3 O-O 9. h3 Na5 10. Bc2 c5 11. d4 Qc7 12. Nbd2 cxd4 13. cxd4 Bd7 14. Nf1
Rfc8 15. Bd3 Nc6 16. d5 Nb4 17. Ng3 Bd8 18. Be3 Nxd3 19. Qxd3 Qb7 20. Rec1
Bb6 21. Nh4 g6 22. Bg5 Ne8 23. Nf3 Qa7 24. Rf1 Rc7 25. h4 Rac8 26. h5 Rc2
27. Ne2 Bg4 28. Bh4 Bxh5 29. Rab1 R2c7 30. Nh2 Bxe2 31. Qxe2 Rc2 32. Qf3 Bd4
33. Ng4 Qd7 34. Bf6 h5 35. Ne3 Bxe3 36. fxe3 Nxf6 37. Qxf6 Re2 38. Rbc1 Rxc1
39. Rxc1 Rxb2 40. Rc6 Qg4 41. Qf3 Qxf3 42. gxf3 Rxa2 43. Rxd6 b4 44. Rd8+
Kg7 45. Rb8 a5 46. d6 Rd2 47. Ra8 Rxd6 48. Rxa5 Rb6 49. Ra1 b3 50. Rb1 b2
51. Kg2 Kf6 52. Kf2 Ke6 53. Ke2 Ke7 54. Kd2 Kd7 55. Ke2 Kc6 56. Kd2 Kc5 57.
Kc2 h4 58. Kd2 h3 59. Ke2 h2 60. Kd2 h1=Q 61. Rxh1 b1=Q 62. Rxb1 Rxb1 63.
Ke2 Rb2+ 64. Kf1 Kc4 65. Ke1 Kd3 66. Kf1 Kxe3 67. Kg1 Kxf3 68. Kh1 Kg3 69.
Kg1 Rb1# {White checkmated} 0-1

[Event "ICC tourney 1946 (30 5)"]
[Site "Internet Chess Club"]
[Date "2020.08.01"]
[Round "2"]
[White "tongchen"]
[Black "albli"]
[Result "1/2-1/2"]
[ICCResult "Game drawn by mutual agreement"]
[WhiteElo "1954"]
[BlackElo "1475"]
[Opening "Sicilian: Kan, 5.Nc3"]
[ECO "B43"]
[NIC "SI.41"]
[Time "13:42:18"]
[TimeControl "1800+5"]

1. e4 c5 2. Nf3 e6 3. d4 cxd4 4. Nxd4 a6 5. Nc3 b5 6. Be3 Bb7 7. f3 Qc7 8.
Be2 Bb4 9. Qd2 Nf6 10. a3 Ba5 11. b4 Bb6 12. O-O O-O 13. Rac1 d5 14. Kh1 Rc8
15. Na2 dxe4 16. c4 exf3 17. Bxf3 Bxf3 18. c5 Qd8 19. Rxf3 Bc7 20. Qe1 Nd5
21. Bf2 Nd7 22. Bh4 g5 23. Nc6 Qf8 24. Bxg5 h6 25. Bh4 Bf4 26. Rd1 Rxc6 27.
Rxf4 Nxf4 28. Rxd7 Qg7 29. Bg3 Qg5 30. Nc3 Nh5 31. Ne4 Nxg3+ 32. hxg3 Qg6
33. Nd6 Rf8 34. Qe3 Qh5+ 35. Kg1 Qd1+ 36. Kh2 Qh5+
{Game drawn by mutual agreement}
1/2-1/2

[Event "ICC tourney 1946 (30 5)"]
[Site "Internet Chess Club"]
[Date "2020.08.01"]
[Round "2"]
[White "playtowin2020"]
[Black "Frankiechess11"]
[Result "1-0"]
[ICCResult "Black resigns"]
[WhiteElo "1331"]
[BlackElo "1477"]
[Opening "Scotch gambit: Dubois-Réti defense"]
[ECO "C55"]
[NIC "KP.02"]
[Time "13:42:01"]
[TimeControl "1800+5"]

1. e4 e5 2. Nf3 Nc6 3. d4 exd4 4. Bc4 Nf6 5. e5 d5 6. Bb5 Ne4 7. Nxd4 Bd7 8.
Bxc6 bxc6 9. O-O Bc5 10. f3 Ng5 11. f4 Ne6 12. Be3 Qh4 13. Qd2 Bxd4 14. Bxd4
O-O 15. Bf2 Qxf4 16. Qxf4 Nxf4 17. Bc5 Ng6 18. Bxf8 Rxf8 19. Re1 Re8 20. Nd2
Nxe5 21. Nb3 f6 22. Nc5 Bf5 23. c3 Bg6 24. h3 Rb8 25. b3 Kf7 26. Rad1 Rb5
27. Na4 Bh5 28. Rd4 Ke6 29. c4 dxc4 30. Rxc4 Kd6 31. Rd4+ Ke6 32. Rc1 Bf3
33. Nc5+ Ke7 34. Ra4 Bd5 35. Rxa7 Kd6 36. Na4 Nd3 37. Rd1 Nb4 38. Nc3 Rc5
39. Ne4+ {Black resigns} 1-0

[Event "ICC tourney 1946 (30 5)"]
[Site "Internet Chess Club"]
[Date "2020.08.01"]
[Round "2"]
[White "mydogeatschess"]
[Black "Joelpaulg"]
[Result "0-1"]
[ICCResult "White checkmated"]
[WhiteElo "1514"]
[BlackElo "1605"]
[Opening "Sicilian: Anderssen variation"]
[ECO "B41"]
[NIC "SI.41"]
[Time "13:42:00"]
[TimeControl "1800+5"]

1. e4 c5 2. Nf3 e6 3. d4 cxd4 4. Nxd4 Nf6 5. Nc3 Nc6 6. Ndb5 Bc5 7. Nd6+ Ke7
8. Bf4 e5 9. Nf5+ Kf8 10. Bg5 d6 11. Ne3 h6 12. Bxf6 Qxf6 13. Ncd5 Qh4 14.
Bd3 Be6 15. O-O Rc8 16. c3 a5 17. Kh1 g6 18. f4 exf4 19. Rxf4 Qg5 20. Qe2
Kg7 21. Raf1 Ne5 22. Bc2 h5 23. Bb3 Ng4 24. Nxg4 hxg4 25. g3 Rh3 26. Ne3
Bxb3 27. axb3 f5 28. Qb5 Bxe3 29. Qxb7+ Kh6 30. Qxc8 Rxh2+ 31. Kxh2 Qh5+ 32.
Kg2 Qh3# {White checkmated} 0-1

[Event "ICC tourney 1946 (30 5)"]
[Site "Internet Chess Club"]
[Date "2020.08.01"]
[Round "2"]
[White "Roger436"]
[Black "Zuiopal"]
[Result "1-0"]
[ICCResult "Black resigns"]
[WhiteElo "1334"]
[BlackElo "1329"]
[Opening "Caro-Kann: advance variation"]
[ECO "B12"]
[NIC "CK.04"]
[Time "13:42:51"]
[TimeControl "1800+5"]

1. e4 c6 2. d4 d5 3. e5 Bf5 4. Bd3 Bxd3 5. Qxd3 e6 6. Nf3 Ne7 7. Bg5 Qb6 8.
b3 Nd7 9. O-O h6 10. Bh4 c5 11. c3 Nc6 12. Nbd2 cxd4 13. cxd4 Ba3 14. Rad1
Nb4 15. Qe3 Nc2 16. Qc3 Qc6 17. Qxc6 bxc6 18. Nb1 g5 19. Bg3 Be7 20. Rc1 Nb4
21. a3 Nd3 22. Rxc6 g4 23. Nfd2 Bg5 24. Rc3 Nf4 25. Bxf4 Bxf4 26. Rfc1 O-O
27. Rc7 Nb6 28. a4 Rac8 29. a5 Rxc7 30. Rxc7 Nc8 31. b4 h5 32. g3 Bg5 33.
Nb3 f5 34. Nc5 Re8 35. Nxe6 Rxe6 36. Rxc8+ Kf7 37. Rc7+ Re7 38. Rxe7+ Bxe7
39. b5 Bd8 40. a6 Bb6 41. Nc3 Bxd4 42. Nxd5 Ke6 43. Nf4+ Kxe5 44. Nxh5 Kd5
45. Nf4+ Kc4 46. Ne6 Be5 47. b6 Bb8 48. bxa7 Bxa7 49. Ng7 Kb5 50. Nxf5 Kxa6
51. Nh6 Kb5 52. Nxg4 Kc4 53. h4 Kd3 54. Kg2 Ke4 55. f4 Kf5 56. Ne5 Bb8 57.
Kf3 Bc7 58. g4+ Kf6 59. Ke4 Bd8 60. g5+ Kg7 61. h5 Be7 62. Kf5 Bxg5
{Black resigns}
1-0

[Event "ICC tourney 1946 (30 5)"]
[Site "Internet Chess Club"]
[Date "2020.08.01"]
[Round "2"]
[White "ThunderingFish"]
[Black "BranKing"]
[Result "1-0"]
[ICCResult "Black forfeits on time"]
[WhiteElo "1523"]
[BlackElo "1487"]
[Opening "Réti opening"]
[ECO "A04"]
[NIC "QP.11"]
[Time "13:41:58"]
[TimeControl "1800+5"]

1. Nf3 e6 2. g3 f5 3. Bg2 Nf6 4. O-O Be7 5. c4 O-O 6. Nc3 d6 7. d3 Nc6 8.
Bd2 e5 9. a3 Qe8 10. b4 Qh5 11. Nd5 Nxd5 12. cxd5 Nb8 13. Rc1 Bd8 14. Qb3
Nd7 15. Qd1 Nf6 16. Ne1 f4 17. e3 Bg4 18. f3 fxg3 19. hxg3 Bd7 20. d4 exd4
21. e4 c6 22. Bf4 Bb6 23. Bxd6 d3+ 24. Bc5 cxd5 25. Bxb6 axb6 26. Qxd3 dxe4
27. fxe4 Bb5 28. Qb3+ Kh8 29. Rf5 Qh6 30. Rc7 Ng4 31. Nf3 Rxf5 32. exf5 Re8
33. Qc3 Rd8 34. Rc8 Qd6 35. Nd4 Be8 36. Ne6 Qd1+ 37. Bf1
{Black forfeits on time}
1-0

[Event "ICC tourney 1946 (30 5)"]
[Site "Internet Chess Club"]
[Date "2020.08.01"]
[Round "2"]
[White "OctopusYule"]
[Black "tigertiger2019"]
[Result "1-0"]
[ICCResult "Black forfeits on time"]
[WhiteElo "1410"]
[BlackElo "1257"]
[Opening "Sicilian: Najdorf, Opocensky variation"]
[ECO "B92"]
[NIC "SI.11"]
[Time "13:42:39"]
[TimeControl "1800+5"]

1. e4 c5 2. Nf3 d6 3. d4 cxd4 4. Nxd4 Nf6 5. Nc3 a6 6. Be2 e5 7. Nb3 Be7 8.
Be3 O-O 9. O-O Be6 10. Qd3 Nbd7 11. Nd5 Bxd5 12. exd5 Ne8 13. c4 f5 14. f4
b6 15. fxe5 Nxe5 16. Qd2 Rc8 17. Nd4 Qd7 18. Ne6 Rf7 19. Rac1 Nc7 20. Nd4 a5
21. b3 Na6 22. Ne6 Nc5 23. Bxc5 dxc5 24. Qc3 Ng6 25. Rxf5 Bf6 26. Qc2 Nf8
27. Bg4 Nxe6 28. dxe6 Qxe6 29. Rxf6 Qxg4 30. Rxf7 Kxf7 31. Qxh7 Qd4+ 32. Kh1
{Black forfeits on time}
1-0

[Event "ICC tourney 1946 (30 5)"]
[Site "Internet Chess Club"]
[Date "2020.08.01"]
[Round "2"]
[White "meghna"]
[Black "JunlinTheWorld"]
[Result "0-1"]
[ICCResult "White resigns"]
[WhiteElo "1779"]
[BlackElo "1641"]
[Opening "Sicilian: accelerated fianchetto, Maróczy bind, 5...Bg7"]
[ECO "B37"]
[NIC "SI.33"]
[Time "13:42:08"]
[TimeControl "1800+5"]

1. e4 c5 2. Nf3 Nc6 3. d4 cxd4 4. Nxd4 g6 5. c4 Bg7 6. Nc2 Nf6 7. Nc3 O-O 8.
Be2 d6 9. O-O Be6 10. Ne3 Ne5 11. Rb1 Rc8 12. b3 a6 13. Bb2 Qd7 14. f3 Qd8
15. Kh1 Nc6 16. Ncd5 Ne5 17. Nxf6+ Bxf6 18. f4 Nd7 19. f5 Bxb2 20. Rxb2 Nc5
21. fxe6 fxe6 22. Bf3 b5 23. Rbf2 Qb6 24. Qd2 bxc4 25. Nxc4 Qb5 26. Qe3 Qb8
27. h3 Qc7 28. Bg4 a5 29. Qd4 h5 30. Be2 Nd7 31. Qe3 Kg7 32. Qg5 Nf6 33. Bd3
e5 34. Rf3 Qd8 35. Rg3 Qe8 36. Re1 Qf7 37. Ne3 e6 38. Bc4 Nxe4 39. Nf5+ Qxf5
40. Qe7+ Rf7 41. Bxe6 Nxg3+ 42. Kh2 Rxe7 43. Bxf5 Nxf5 {White resigns} 0-1

[Event "ICC tourney 1946 (30 5)"]
[Site "Internet Chess Club"]
[Date "2020.08.01"]
[Round "2"]
[White "HarleyQueen8"]
[Black "ryanwang"]
[Result "1/2-1/2"]
[ICCResult "Game drawn by repetition"]
[WhiteElo "1550"]
[BlackElo "1480"]
[Opening "Nimzo-Indian: classical variation"]
[ECO "E32"]
[NIC "NI.20"]
[Time "13:42:26"]
[TimeControl "1800+5"]

1. d4 Nf6 2. c4 e6 3. Nc3 Bb4 4. Qc2 O-O 5. a3 Bxc3+ 6. Qxc3 d5 7. Nf3 dxc4
8. Qxc4 b6 9. Bg5 Ba6 10. Qc2 Nbd7 11. Ne5 c5 12. Nxd7 Qxd7 13. Bxf6 gxf6
14. dxc5 Rac8 15. Rd1 Qc6 16. e3 Bxf1 17. Kxf1 Qb5+ 18. Qe2 Qxc5 19. f3 Qf5
20. Kf2 Rc2 21. Rd2 Rfc8 22. Rhd1 Kg7 23. Rxc2 Rxc2 24. Rd2 Rxd2 25. Qxd2
Qe5 26. h3 h5 27. Qc3 Qd5 28. Qd4 Qb5 29. Qc3 Kg6 30. Qc2+ f5 31. Qc3 Qd5
32. Ke2 Qb5+ 33. Kf2 Qd5 34. Ke2 Qd6 35. Qh8 Qh2 36. Kf2 Qc7 37. f4 Qc2+ 38.
Kg3 Qe2 39. Qg8+ Kh6 40. Qh8+ Kg6 41. Qg8+ Kh6 42. Qh8+ Kg6 43. Qg8+ Kh6
{Game drawn by repetition}
1/2-1/2

[Event "ICC tourney 1946 (30 5)"]
[Site "Internet Chess Club"]
[Date "2020.08.01"]
[Round "2"]
[White "gz99754539"]
[Black "chessw23"]
[Result "0-1"]
[ICCResult "White forfeits on time"]
[WhiteElo "1971"]
[BlackElo "1609"]
[Opening "Giuoco Piano"]
[ECO "C54"]
[NIC "IG.02"]
[Time "13:42:38"]
[TimeControl "1800+5"]

1. e4 e5 2. Nf3 Nc6 3. Bc4 Bc5 4. c3 Nf6 5. d3 h6 6. Nbd2 d6 7. h3 O-O 8.
O-O a6 9. Bb3 Kh8 10. Nc4 b5 11. Ne3 Bb6 12. d4 exd4 13. cxd4 Na5 14. Bc2
Bb7 15. d5 Re8 16. b4 Bxe3 17. Bxe3 Nc4 18. Qd4 c6 19. dxc6 Bxc6 20. Rae1
Bxe4 21. Bd1 Nxe3 22. Rxe3 Qd7 23. Rfe1 Bb7 24. Nd2 Rxe3 25. fxe3 Re8 26. e4
Qe7 27. Bc2 Qe5 {White forfeits on time} 0-1

[Event "ICC tourney 1946 (30 5)"]
[Site "Internet Chess Club"]
[Date "2020.08.01"]
[Round "2"]
[White "pika0008"]
[Black "HenriVZ"]
[Result "1-0"]
[ICCResult "Black checkmated"]
[WhiteElo "1439"]
[BlackElo "1299"]
[Opening "English opening"]
[ECO "A05"]
[NIC "QP.11"]
[Time "13:42:21"]
[TimeControl "1800+5"]

1. Nf3 Nf6 2. c4 c6 3. Nc3 d5 4. e3 Bf5 5. cxd5 Nxd5 6. Nxd5 cxd5 7. Qb3 Nd7
8. Be2 Nb6 9. O-O Bd7 10. Qd1 e6 11. b3 Be7 12. Bb2 Bf6 13. d4 O-O 14. Ne5
Bxe5 15. dxe5 a5 16. Bd4 a4 17. Qd2 Bc6 18. Rfc1 Nd7 19. f4 f6 20. Bg4 Re8
21. exf6 Nxf6 22. Bxf6 Qxf6 23. Qd4 Qg6 24. Bf3 Kh8 25. b4 Qf7 26. a3 Qe7
27. Qe5 Qf6 28. Rc5 Qxe5 29. fxe5 Rac8 30. Rac1 h6 31. Be2 Ra8 32. b5 Bd7
33. Rc7 Rec8 34. Rxc8+ Bxc8 35. Rc7 b6 36. Rc6 Rb8 37. Bg4 Bd7 38. Rd6 Bxb5
39. Bxe6 Rf8 40. h3 Rf1+ 41. Kh2 Re1 42. Rxb6 Bd3 43. Bxd5 Rxe3 44. e6 Bg6
45. e7 Kh7 46. Re6 Rxe6 47. Bxe6 Be8 48. Kg3 Kg6 49. Kf4 Kf6 50. Bc4 Kxe7
51. Ke5 g5 52. g3 Bd7 53. h4 gxh4 54. gxh4 Be8 55. Kd5 Kf6 56. Kc5 Kf5 57.
Bb5 Bf7 58. Bxa4 Kg4 59. Bc6 Kxh4 60. a4 Be6 61. a5 Bc8 62. Kb6 Kg3 63. Bb7
Bxb7 64. Kxb7 h5 65. a6 h4 66. a7 h3 67. a8=Q h2 68. Kb6 Kf2 69. Qh1 Kg3 70.
Kc5 Kh3 71. Kd4 Kg3 72. Ke3 Kh3 73. Kf4 Kh4 74. Qxh2# {Black checkmated} 1-0

[Event "ICC tourney 1946 (30 5)"]
[Site "Internet Chess Club"]
[Date "2020.08.01"]
[Round "2"]
[White "chessmaster0981"]
[Black "FL2009"]
[Result "1/2-1/2"]
[ICCResult "Game drawn by repetition"]
[WhiteElo "1342"]
[BlackElo "1446"]
[Opening "Queen's pawn game, Rubinstein (Colle-Zukertort) variation"]
[ECO "D05"]
[NIC "QP.06"]
[Time "13:42:40"]
[TimeControl "1800+5"]

1. d4 Nf6 2. Nf3 d5 3. e3 e6 4. Bd3 c5 5. b3 Nc6 6. O-O cxd4 7. exd4 b6 8.
Bb2 Bd6 9. Nbd2 O-O 10. a3 Bb7 11. Ne5 Rc8 12. f4 Re8 13. Rf3 Bf8 14. Rh3 g6
15. Ndf3 Nxe5 16. Nxe5 Bg7 17. Rc1 Re7 18. Qe1 Rec7 19. Qh4 Nh5 20. Qxd8+
Rxd8 21. Rf3 Rdc8 22. Rf2 Nf6 23. Re2 Nd7 24. Nf3 Nb8 25. Ne5 Nc6 26. Nxc6
Rxc6 27. Kf2 a6 28. Ke3 b5 29. b4 R6c7 30. Rd2 Bh6 31. g3 Re8 32. Kf2 f6 33.
Re1 Rcc8 34. Rde2 Kf7 35. Kg1 Bc6 36. Kf2 Bd7 37. Kg2 Ra8 38. Bc3 Rec8 39.
Bd2 Bg7 40. Kf2 f5 41. c3 Re8 42. Kg1 Bf8 43. Bc1 Rec8 44. Bb2 Bd6 45. Rc2
a5 46. Rec1 a4 47. Re1 Rh8 48. Bc1 Rac8 49. Kg2 Rc7 50. Bd2 Rcc8 51. Rcc1
Bb8 52. Re2 Rhe8 53. Rce1 Kf6 54. Kf3 Ba7 55. Kg2 Kf7 56. Kf3 Rc7 57. Kg2
Re7 58. Kf3 Rb7 59. Kg2 Bb8 60. Kf3 Kf6 61. Kg2 Be8 62. Kf2 Bf7 63. Kg2 Kg7
64. Kf2 Kf8 65. Kg2 Ke8 66. Kf2 Kd7 67. Kg2 Re8 68. Kf2 Bc7 69. Kg2 Bd8 70.
Kf2 Bf6 71. Kg2 Kd6 72. Kf2 Ree7 73. Kg2 Rb8 74. Kf2 Rbb7 75. Kg2 Kc6 76.
Kf2 Re8 77. Kg2 Rbe7 78. Kf2 Rg8 79. h4 Rg7 80. Kg2 Bg8 81. Kf2 h6 82. Rg1
h5 83. Rge1 Bf7 84. Rf1 Be8 85. Rfe1 Kd6 86. Rf1 Bc6 87. Rfe1 Rg8 88. Rf1
Rc8 89. Rfe1 Rcc7 90. Rf1 Bd7 91. Rfe1 Re8 92. Rf1 Rec8 93. Rfe1 Re8 94. Rd1
Ke7 95. Rde1 Kf7 96. Rd1 Rec8 97. Rde1 Re8 98. Rd1 Re7 99. Rde1 Re8 100. Rd1
Rg8 101. Rde1 Re8 102. Rd1 Rh8 103. Rde1 Re8 104. Rd1 Ra8 105. Rde1 Re8
{Game drawn by repetition}
1/2-1/2

[Event "ICC tourney 1946 (30 5)"]
[Site "Internet Chess Club"]
[Date "2020.08.01"]
[Round "2"]
[White "NK3"]
[Black "NonnaThat"]
[Result "0-1"]
[ICCResult "White forfeits on time"]
[WhiteElo "1811"]
[BlackElo "1747"]
[Opening "Sicilian: Najdorf, Opocensky variation"]
[ECO "B92"]
[NIC "SI.11"]
[Time "13:42:10"]
[TimeControl "1800+5"]

1. e4 c5 2. Nf3 d6 3. d4 cxd4 4. Nxd4 Nf6 5. Nc3 a6 6. Be2 e5 7. Nb3 Be7 8.
O-O O-O 9. a4 Be6 10. Bf3 Nbd7 11. a5 Rc8 12. Be3 Qc7 13. Nc1 Rfd8 14. Nd3
Bc4 15. Re1 Nc5 16. Nb4 b5 17. Bg5 Qb7 18. Bxf6 Bxf6 19. Ncd5 Bg5 20. Bg4
Rb8 21. Bf5 g6 22. Bg4 Rf8 23. g3 f5 24. h4 Bh6 25. exf5 gxf5 26. Bxf5 Rxf5
27. Qg4+ Bg7 28. Qxf5 Bxd5 29. Nxd5 Qxd5 30. Rad1 Qc6 31. b4 Rf8 32. Qg4 Na4
33. Qe6+ Kh8 34. Qxd6 Qxc2 35. Rd2 Qc8 36. Kh2 Nc3 37. h5 Qf5 38. h6 Qh5+
39. Kg2 Bxh6 40. Rd3 Ne2 {White forfeits on time} 0-1

[Event "ICC tourney 1946 (30 5)"]
[Site "Internet Chess Club"]
[Date "2020.08.01"]
[Round "2"]
[White "WCCJCB"]
[Black "gardemarin13"]
[Result "1-0"]
[ICCResult "Black resigns"]
[WhiteElo "1703"]
[BlackElo "1577"]
[Opening "Bogo-Indian defense, Grünfeld variation"]
[ECO "E11"]
[NIC "QI.01"]
[Time "13:42:51"]
[TimeControl "1800+5"]

1. d4 Nf6 2. c4 e6 3. Nf3 Bb4+ 4. Nbd2 b6 5. a3 Bxd2+ 6. Qxd2 Bb7 7. e3 O-O
8. Be2 d6 9. O-O Nbd7 10. b4 Ne4 11. Qc2 f5 12. Bb2 Qe7 13. d5 e5 14. Nd2 c6
15. Nxe4 fxe4 16. dxc6 Bxc6 17. Rad1 Rf6 18. Bg4 Nf8 19. Qd2 Ng6 20. b5 Bb7
21. a4 Nh4 22. Kh1 Nxg2 23. Kxg2 Rg6 24. Kh1 Rxg4 25. Qxd6 Qf7 26. Qd8+ Rxd8
27. Rxd8+ Qf8 28. Rxf8+ Kxf8 29. Bxe5 Bc8 30. c5 Rg5 31. Bd6+ Ke8 32. cxb6
axb6 33. Rc1 Bh3 34. Bg3 h5 35. Rg1 Rc5 36. Rb1 Bd7 37. Bd6 Rc2 38. a5 bxa5
39. b6 Bc6 40. b7 Bxb7 41. Rxb7 Rxf2 42. Rxg7 Re2 43. Re7+ Kd8 44. Rxe4 a4
45. Bc5 Ra2 46. Rh4 a3 47. Ra4 Ra1+ 48. Kg2 a2 49. Bd4 {Black resigns} 1-0

[Event "ICC tourney 1946 (30 5)"]
[Site "Internet Chess Club"]
[Date "2020.08.01"]
[Round "2"]
[White "saiabhi29"]
[Black "Viking21"]
[Result "1-0"]
[ICCResult "Black forfeits on time"]
[WhiteElo "1677"]
[BlackElo "1671"]
[Opening "Queen's pawn, Mason variation"]
[ECO "D00"]
[NIC "QP.08"]
[Time "13:42:15"]
[TimeControl "1800+5"]

1. d4 d5 2. Bf4 Nf6 3. e3 e6 4. Nd2 c5 5. c3 Bd6 6. Bg3 Nc6 7. Ngf3 O-O 8.
Bd3 b6 9. e4 dxe4 10. Nxe4 Be7 11. dxc5 bxc5 12. Nxf6+ Bxf6 13. Be4 Bb7 14.
Qc2 g6 15. Rd1 Qb6 16. O-O Rad8 17. Nd2 Ba6 18. Rfe1 Bg7 19. Nb3 Ne5 20. h3
Nc4 21. Bd3 Nxb2 22. Qxb2 Rxd3 23. Rxd3 Bxd3 24. Qd2 c4 25. Nd4 Qa5 26. Bd6
Rd8 27. Bb4 Qb6 28. Nf3 a5 29. Ba3 Qc6 30. Qg5 Qd5 31. Qd2 Be4 32. Rxe4 Qxd2
33. Nxd2 Rxd2 34. Rxc4 Bf6 35. Rc8+ Rd8 36. Rxd8+ Bxd8 37. Bd6 f5 38. c4 Kf7
39. Kf1 Be7 40. Bc7 a4 41. Ke2 Ke8 42. Kd3 Bc5 43. f3 Kd7 44. Be5 Kc6 45.
Kc3 Kb6 46. Bf6 Kc6 47. Be5 Kb6 48. Bd4 Kc6 49. h4 h5 50. Kd3 Kd6 51. Bc3 e5
52. Be1 Ke6 53. Kc3 e4 54. Kd2 Ke5 55. Ke2 Kd4 56. fxe4 fxe4 57. Bf2+ Kxc4
58. Be1 Bd4 59. g3 a3 60. Bd2 Bc3 61. Bg5 Bb4 62. Bf6 Bc3 63. Bg5 Bd4 64.
Bd2 e3 65. Ba5 Bc5 66. Bd8 Kd5 67. Bg5 Ke4 68. Bf4 Bd4 69. Bd6 Be5 70. Bxa3
Bxg3 71. Be7 Be5 72. Bg5 Bd4 73. a4 Bc5 74. a5 Bd4 75. Bd8 Ba7 76. Bb6 Bb8
77. a6 Kf5 78. Bxe3 Kg4 79. Bg5 Ba7 80. Kd3 {Black forfeits on time} 1-0

[Event "ICC tourney 1946 (30 5)"]
[Site "Internet Chess Club"]
[Date "2020.08.01"]
[Round "3"]
[White "FL2009"]
[Black "clair"]
[Result "1-0"]
[ICCResult "Black resigns"]
[WhiteElo "1477"]
[BlackElo "1488"]
[Opening "Robatsch (modern) defense"]
[ECO "B06"]
[NIC "KF.05"]
[Time "15:11:15"]
[TimeControl "1800+5"]

1. e4 g6 2. d4 Bg7 3. Nf3 e6 4. Be2 Ne7 5. O-O O-O 6. c3 d6 7. Nbd2 Nd7 8.
Re1 b6 9. Nf1 Bb7 10. Ng3 f5 11. exf5 exf5 12. Bg5 f4 13. Bxe7 Qxe7 14. Bc4+
d5 15. Rxe7 fxg3 16. hxg3 dxc4 17. Rxd7 Rac8 18. Qe2 Bc6 19. Qxc4+ Kh8 20.
Qxc6 {Black resigns} 1-0

[Event "ICC tourney 1946 (30 5)"]
[Site "Internet Chess Club"]
[Date "2020.08.01"]
[Round "3"]
[White "WCCJCS"]
[Black "chessmaster0981"]
[Result "1-0"]
[ICCResult "Black checkmated"]
[WhiteElo "1537"]
[BlackElo "1338"]
[Opening "French: Burn variation"]
[ECO "C11"]
[NIC "FR.05"]
[Time "15:12:17"]
[TimeControl "1800+5"]

1. e4 e6 2. d4 d5 3. Nc3 Nf6 4. Bg5 dxe4 5. Nxe4 Be7 6. Bxf6 Bxf6 7. Nf3 Nd7
8. Bc4 Be7 9. O-O O-O 10. Re1 c5 11. c3 cxd4 12. Qxd4 Qc7 13. Neg5 h6 14.
Nxe6 fxe6 15. Rxe6 Bc5 16. Rg6+ Kh8 17. Qxg7# {Black checkmated} 1-0